 Dungeon Crawl Stone Soup version 0.28-a0-657-g71136c5590 (webtiles) character file.

Game seed: 16063759715675508787

1 Drevant2 the Grasshopper (level 1, 0/17 HPs)
             Began as a Draconian Warper on Oct 13, 2021.
             Slain by an endoplasm (3 damage)
             ... on level 1 of the Dungeon.
             The game lasted 00:00:37 (53 turns).

Drevant2 the Grasshopper (Draconian Warper)           Turns: 53, Time: 00:00:38

Health: 0/17       AC:  4    Str: 13    XL:     1   Next: 16%
Magic:  3/3        EV: 12    Int: 13    God:
Gold:   0          SH:  0    Dex: 10    Spells: 4/4 levels left

rFire   . . .      SeeInvis .   a - +0 spear
rCold   . . .      Faith    .   (no shield)
rNeg    . . .      Spirit   .   (armour unavailable)
rPois   .          Reflect  .   (helmet restricted)
rElec   .          Harm     .   (no cloak)
rCorr   .          Rampage  .   (no gloves)
Will    .....                   (no boots)
Stlth   +.........              (no amulet)
HPRegen 0.05/turn               (no ring)
MPRegen 0.08/turn               (no ring)

@: flying
A: AC +4, unfitting armour, cold-blooded
a: no special abilities


You were on level 1 of the Dungeon.
You visited 1 branch of the dungeon, and saw 1 of its levels.

Inventory:

Hand Weapons
 a - a +0 spear (weapon)
Missiles
 c - 5 boomerangs of dispersal (quivered)
Jewellery
 d - a ring of wizardry
Scrolls
 b - a scroll of blinking
 e - a scroll of teleportation {unknown}
 f - a scroll of identify {unknown}


   Skills:
 - Level 2.1 Fighting
 * Level 2.1 Polearms
 - Level 0.8 Throwing
 - Level 2.1 Dodging
 - Level 2.0 Spellcasting
 + Level 3.0 Translocations


You had 4 spell levels left.
You didn't know any spells.
Your spell library contained the following spells:

 Spells                   Type           Power      Damage    Failure   Level
 Blink                    Tloc           N/A        N/A       11%         2
 Gell's Gravitas          Tloc           4%         N/A       22%         3
 Lesser Beckoning         Tloc           9%         N/A       22%         3
 Teleport Other           Tloc           9%         N/A       22%         3
 Corpse Rot               Necr/Air       N/A        N/A       36%         2
 Poisonous Vapours        Pois/Air       2%         N/A       36%         2
 Manifold Assault         Tloc           9%         N/A       90%         5


Dungeon Overview and Level Annotations

Branches:
Dungeon (1/15)

Altars:


Innate Abilities, Weirdness & Mutations

Your plain brown scales are hard. (AC +4)
You cannot fit into any form of body armour.
You are cold-blooded and may be slowed by cold attacks.


Message History

A hobgoblin is nearby!
A hobgoblin is nearby!
An endoplasm and a kobold come into view.
The hobgoblin shouts!
The endoplasm quivers.
The kobold shouts!
You reach to attack!
You completely miss the hobgoblin.
You reach to attack!
You hit the hobgoblin.
The hobgoblin is lightly wounded.
The endoplasm barely misses you.
You hit the hobgoblin.
The hobgoblin is heavily wounded.
The hobgoblin hits you but does no damage.
The endoplasm hits you but does no damage.
You hit the hobgoblin.
You kill the hobgoblin!
The endoplasm freezes you.
You are frozen.
You closely miss the kobold.
Your tail-slap misses the kobold.
The kobold closely misses you.
The endoplasm hits you but does no damage.
You barely miss the kobold. The kobold hits you but does no damage.
You closely miss the kobold.
The endoplasm hits you but does no damage.
The kobold hits you with a +0 club.
* * * LOW HITPOINT WARNING * * *
You barely miss the kobold. The endoplasm hits you.
* * * LOW HITPOINT WARNING * * *
The kobold hits you with a +0 club.
* * * LOW HITPOINT WARNING * * *
You closely miss the kobold. The endoplasm hits you.
* * * LOW HITPOINT WARNING * * *
The kobold closely misses you. The endoplasm barely misses you.
It was a potion of flight.
You feel very buoyant.
You fly up into the air.
The endoplasm jiggles.
The endoplasm hits you.
You die...

#....)..###..#...
##..<...##........
#......#.........#
#...............##
##............####
#..........####
##.........##
#.......####
#..@..### #.J####
#...# #.....
#....... ##.....##
##.....# ###...#
####


You could see an endoplasm.

Vanquished Creatures
  A hobgoblin (D:1)
1 creature vanquished.

Notes
Turn   | Place    | Note
-------+----------+-------------------------------------------
     0 | D:1      | Drevant2 the Draconian Warper began the quest for the Orb.
     0 | D:1      | Reached XP level 1. HP: 17/17 MP: 3/3
    53 | D:1      | Slain by an endoplasm

Illustrated notes

Levels and vault maps discovered:
D:1:      dpeg_arrival_arbitrary_a, layout_rooms,
          hellmonk_ecumenical_altar_inner_sanctum, minmay_heptomino_w4

Action                   || total
-------------------------++-------
Melee: Spear             ||     9
  Use: Potion            ||     1
Armor: Skin              ||     5
Dodge: Dodged            ||     4

Table legend: (Time is in decaauts)
 A = Elapsed time spent in this place.
 B = Non-inter-level travel time spent in this place.
 C = Inter-level travel time spent in this place.
 D = Time resting spent in this place.
 E = Time spent auto-exploring this place.
 F = Levels seen in this place.
 G = Mean time per level.
                   A        B        C        D        E       F      G
               +--------+--------+--------+--------+--------+-----+--------+
         Total |     52 |     52 |      0 |      0 |     36 |   1 |   52.0 |
       Dungeon |     52 |     52 |      0 |      0 |     36 |   1 |   52.0 |
               +--------+--------+--------+--------+--------+-----+--------+

Top non-repeatable levels by time:
     D:1: 52 daAuts
